[ AOE2 MATCH · #513586488 ]
UnrankedMalians vs Romans
Player's team · LOSS
Rival team · WIN
[ REPLAY ANALYSIS · EXTRACTED FROM THE RECORDED GAME ]
Feudal
10:08
Castle
26:38
Imperial
—
| APM avg | 27.3 |
| APM peak | 51 |
| eAPM avg | 17.8 |
| Villagers / military | 65 / 32 |
Focus
⚔️ 20.4% · 🌾 79.6%
Archer ×12 · Skirmisher ×11 · Militia ×9
Feudal
9:20
Castle
30:26
Imperial
—
| APM avg | 86.6 |
| APM peak | 127 |
| eAPM avg | 37.4 |
| Villagers / military | 79 / 68 |
Focus
⚔️ 56.8% · 🌾 43.2%
Militia ×38 · Archer ×15 · Skirmisher ×11 · Spearman ×3 · Monk ×1
Match map
Initial resources + every placement click. Lines = walls · curves = elevation contours. ◆ gold · ⬟ stone · ● berries · ✦ relic · ◌ wall gap
Your base· Open — unwalled flank
AZG021113's base· Open — unwalled flank
Smoothed initial terrain · ◌ = detected wall gap · hover for details
Inputs per minute
— Hartsn - - AZG021113
Build order — Hartsn
First 150 of 178 actions detected
| 0:00 | queue | Villager (Male) |
| 0:01 | queue | Villager (Male) |
| 0:02 | Build | House |
| 0:03 | Build | House |
| 0:18 | queue | Villager (Male) |
| 0:19 | queue | Villager (Male) |
| 1:24 | queue | Villager (Male) |
| 1:24 | queue | Villager (Male) |
| 2:02 | queue | Villager (Male) |
| 2:02 | queue | Villager (Male) |
| 2:12 | queue | Villager (Male) |
| 2:13 | queue | Villager (Male) |
| 2:20 | Build | Lumber Camp |
| 2:38 | Build | House |
| 2:44 | queue | Villager (Male) |
| 2:44 | queue | Villager (Male) |
| 3:05 | queue | Villager (Male) |
| 3:29 | Build | House |
| 3:42 | queue | Villager (Male) |
| 3:42 | queue | Villager (Male) |
| 3:52 | queue | Villager (Male) |
| 4:37 | Build | Mill |
| 4:38 | queue | Villager (Male) |
| 4:59 | queue | Villager (Male) |
| 5:11 | queue | Villager (Male) |
| 5:32 | queue | Villager (Male) |
| 6:13 | Build | Barracks |
| 6:18 | queue | Villager (Male) |
| 6:38 | queue | Villager (Male) |
| 6:50 | queue | Villager (Male) |
| 7:14 | Build | House |
| 7:18 | Build | Palisade Wall |
| 7:58 | Research | Feudal Age |
| 8:13 | Build | Mining Camp |
| 8:16 | queue | Militia |
| 8:16 | queue | Militia |
| 8:34 | queue | Militia |
| 8:39 | Build | Palisade Wall |
| 8:57 | Build | Farm |
| 9:00 | queue | Militia |
| 9:05 | Build | Palisade Wall |
| 9:16 | Build | Palisade Wall |
| 9:22 | queue | Militia |
| 9:27 | Build | Farm |
| 9:36 | Build | Palisade Wall |
| 9:45 | queue | Villager (Male) |
| 10:08 | Age | Feudal Age |
| 10:15 | queue | Villager (Male) |
| 10:23 | Build | Farm |
| 10:27 | Research | Loom |
| 10:38 | Research | Man-at-Arms (upgrade) |
| 11:08 | Build | Farm |
| 11:09 | Build | Farm |
| 11:09 | queue | Villager (Male) |
| 11:09 | queue | Villager (Male) |
| 11:16 | Build | Lumber Camp |
| 11:37 | queue | Villager (Male) |
| 11:37 | queue | Villager (Male) |
| 11:46 | queue | Villager (Male) |
| 11:46 | queue | Villager (Male) |
| 11:48 | Build | Farm |
| 12:25 | Build | Farm |
| 12:53 | queue | Villager (Male) |
| 13:11 | Build | House |
| 13:17 | Build | Watch Tower |
| 13:25 | queue | Villager (Male) |
| 13:43 | Build | House |
| 14:18 | queue | Villager (Male) |
| 14:21 | Build | House |
| 14:23 | Build | House |
| 14:24 | queue | Villager (Male) |
| 14:59 | Build | Archery Range |
| 15:19 | Build | Farm |
| 15:33 | queue | Skirmisher |
| 15:34 | queue | Skirmisher |
| 15:38 | Build | Farm |
| 15:39 | queue | Villager (Male) |
| 16:02 | queue | Skirmisher |
| 16:19 | queue | Skirmisher |
| 16:47 | Build | Farm |
| 16:49 | queue | Skirmisher |
| 17:32 | queue | Villager (Male) |
| 18:28 | queue | Villager (Male) |
| 18:28 | queue | Villager (Male) |
| 18:32 | Build | Mining Camp |
| 18:41 | queue | Skirmisher |
| 18:41 | queue | Skirmisher |
| 19:01 | queue | Skirmisher |
| 19:02 | queue | Villager (Male) |
| 19:03 | queue | Villager (Male) |
| 19:09 | queue | Villager (Male) |
| 19:10 | queue | Villager (Male) |
| 19:10 | queue | Villager (Male) |
| 19:20 | queue | Skirmisher |
| 19:20 | queue | Skirmisher |
| 19:41 | queue | Villager (Male) |
| 19:42 | queue | Villager (Male) |
| 20:02 | queue | Skirmisher |
| 20:17 | Build | House |
| 20:18 | Build | House |
| 20:30 | Build | House |
| 20:31 | Build | House |
| 20:39 | Build | Blacksmith |
| 20:42 | Build | House |
| 20:43 | Build | House |
| 21:11 | queue | Villager (Male) |
| 21:15 | Build | Farm |
| 21:41 | Build | Watch Tower |
| 22:11 | queue | Villager (Male) |
| 22:12 | queue | Villager (Male) |
| 22:42 | Build | House |
| 22:45 | Build | House |
| 22:47 | Build | Palisade Wall |
| 22:53 | Build | House |
| 22:54 | Build | House |
| 22:56 | Build | Farm |
| 22:57 | Build | Farm |
| 23:05 | Build | Farm |
| 23:07 | queue | Villager (Male) |
| 23:14 | Build | Farm |
| 23:29 | Build | House |
| 23:58 | Research | Castle Age |
| 24:10 | Build | House |
| 24:31 | Build | Lumber Camp |
| 24:36 | Research | Fletching |
| 24:50 | Build | Stone Wall |
| 24:54 | Build | Stone Wall |
| 24:56 | Build | Farm |
| 25:14 | Build | House |
| 25:39 | Build | Gate |
| 25:44 | Build | Mining Camp |
| 25:48 | Build | Stone Wall |
| 25:52 | queue | Villager (Male) |
| 25:56 | queue | Villager (Male) |
| 26:25 | Build | Gate |
| 26:38 | Age | Castle Age |
| 26:43 | Research | Bodkin Arrow |
| 26:54 | queue | Villager (Male) |
| 26:55 | queue | Villager (Male) |
| 27:22 | Research | Double-Bit Axe |
| 27:26 | queue | Villager (Male) |
| 27:38 | queue | Villager (Male) |
| 27:38 | queue | Villager (Male) |
| 28:01 | Research | Crossbowman (upgrade) |
| 28:28 | queue | Villager (Male) |
| 28:40 | queue | Villager (Male) |
| 28:57 | queue | Villager (Male) |
| 29:34 | Research | Long Swordsman (upgrade) |
| 29:40 | queue | Villager (Male) |
| 29:48 | Build | Watch Tower |
Build order — AZG021113
First 150 of 292 actions detected
| 0:01 | queue | Villager (Male) |
| 0:02 | queue | Villager (Male) |
| 0:02 | queue | Villager (Male) |
| 0:02 | queue | Villager (Male) |
| 0:03 | Build | House |
| 0:05 | Build | House |
| 1:21 | queue | Villager (Male) |
| 1:21 | queue | Villager (Male) |
| 2:03 | queue | Villager (Male) |
| 2:03 | queue | Villager (Male) |
| 2:13 | queue | Villager (Male) |
| 2:14 | queue | Villager (Male) |
| 2:54 | queue | Villager (Male) |
| 3:01 | queue | Villager (Male) |
| 3:01 | queue | Villager (Male) |
| 3:09 | Build | Lumber Camp |
| 3:30 | queue | Villager (Male) |
| 3:30 | queue | Villager (Male) |
| 3:45 | queue | Villager (Male) |
| 3:45 | queue | Villager (Male) |
| 4:12 | Build | House |
| 4:22 | queue | Villager (Male) |
| 4:37 | queue | Villager (Male) |
| 4:44 | Build | House |
| 4:50 | queue | Villager (Male) |
| 4:50 | queue | Villager (Male) |
| 5:35 | Build | Mining Camp |
| 5:38 | queue | Villager (Male) |
| 6:33 | Research | Loom |
| 6:51 | Research | Feudal Age |
| 6:51 | Research | Feudal Age |
| 8:14 | Build | Barracks |
| 8:59 | Build | House |
| 9:12 | queue | Militia |
| 9:20 | Age | Feudal Age |
| 9:28 | queue | Militia |
| 9:30 | queue | Villager (Male) |
| 9:39 | Research | Man-at-Arms (upgrade) |
| 9:50 | queue | Spearman ×3 |
| 10:02 | Build | Watch Tower |
| 10:05 | Build | Archery Range |
| 10:05 | queue | Villager (Male) |
| 10:26 | queue | Militia |
| 10:27 | queue | Villager (Male) |
| 10:37 | Build | House |
| 10:39 | Build | Palisade Wall |
| 10:41 | Build | Palisade Wall |
| 10:41 | Build | Palisade Wall |
| 10:44 | queue | Militia |
| 10:48 | Build | Stone Wall |
| 10:49 | Build | Stone Wall |
| 10:50 | Build | Stone Wall |
| 10:50 | Build | Stone Wall |
| 10:58 | Build | Mill |
| 11:09 | Build | Stone Wall |
| 11:11 | queue | Archer |
| 11:14 | Build | Mining Camp |
| 11:29 | queue | Militia |
| 11:34 | queue | Archer |
| 11:53 | Build | Palisade Wall |
| 12:18 | queue | Villager (Male) |
| 12:26 | queue | Archer |
| 12:40 | Build | Farm |
| 12:41 | Build | Farm |
| 12:41 | Build | Farm |
| 12:41 | Build | Farm |
| 12:47 | queue | Skirmisher |
| 12:49 | queue | Villager (Male) |
| 13:04 | queue | Archer |
| 13:11 | Build | Stone Wall |
| 13:13 | Build | Stone Wall |
| 13:18 | Build | Watch Tower |
| 13:57 | queue | Villager (Male) |
| 14:05 | queue | Villager (Male) |
| 14:18 | Build | Stone Wall |
| 14:18 | Build | Stone Wall |
| 14:19 | Build | Stone Wall |
| 14:20 | Build | Stone Wall |
| 14:20 | Build | Stone Wall |
| 14:20 | Build | Stone Wall |
| 14:20 | Build | Stone Wall |
| 14:21 | Build | Stone Wall |
| 14:21 | Build | Stone Wall |
| 14:22 | Build | Stone Wall |
| 14:26 | queue | Villager (Male) |
| 14:36 | Build | Palisade Wall |
| 14:37 | Build | Palisade Wall |
| 14:37 | Build | Palisade Wall |
| 14:51 | queue | Villager (Male) |
| 14:57 | Build | House |
| 15:04 | queue | Villager (Male) |
| 15:23 | queue | Archer |
| 15:32 | queue | Villager (Male) |
| 15:35 | Build | Farm |
| 15:35 | Build | Farm |
| 15:36 | Build | Farm |
| 16:01 | Build | Palisade Wall |
| 16:02 | Build | Palisade Wall |
| 16:04 | Build | Palisade Wall |
| 16:05 | Build | Palisade Wall |
| 16:06 | Build | Palisade Wall |
| 16:15 | queue | Villager (Male) |
| 16:16 | queue | Villager (Male) |
| 16:23 | queue | Archer |
| 16:23 | queue | Archer |
| 16:25 | queue | Villager (Male) |
| 16:29 | Build | Farm |
| 16:29 | Build | Farm |
| 16:30 | Build | Farm |
| 16:39 | Build | Stone Wall |
| 16:41 | Build | Stone Wall |
| 16:43 | Build | Stone Wall |
| 17:05 | Build | House |
| 17:14 | queue | Militia |
| 17:14 | queue | Militia |
| 17:15 | queue | Villager (Male) |
| 17:17 | Build | House |
| 17:18 | Build | House |
| 17:51 | queue | Villager (Male) |
| 17:53 | Build | Blacksmith |
| 18:01 | queue | Villager (Male) |
| 18:02 | queue | Militia |
| 18:10 | queue | Skirmisher |
| 18:10 | queue | Skirmisher |
| 18:36 | queue | Militia |
| 18:37 | queue | Villager (Male) |
| 18:38 | queue | Skirmisher |
| 18:40 | queue | Villager (Male) |
| 19:00 | queue | Militia |
| 19:05 | Build | Farm |
| 19:05 | Build | Farm |
| 19:05 | Build | Farm |
| 19:06 | queue | Villager (Male) |
| 19:17 | queue | Villager (Male) |
| 19:21 | Research | Fletching |
| 19:21 | Research | Fletching |
| 19:39 | queue | Archer |
| 19:41 | queue | Villager (Male) |
| 19:49 | Research | Scale Mail Armor |
| 20:06 | queue | Archer |
| 20:15 | queue | Skirmisher |
| 20:18 | queue | Villager (Male) |
| 20:19 | queue | Villager (Male) |
| 20:27 | queue | Villager (Male) |
| 20:30 | Build | Farm |
| 20:30 | Build | Farm |
| 20:31 | Build | Farm |
| 20:36 | queue | Militia |
| 20:47 | queue | Villager (Male) |
| 20:51 | Build | Farm |
Match timeline
| 6:13 | Hartsn · first_building Barracks |
| 7:18 | Hartsn · wall_segment Palisade Wall x11 |
| 8:14 | AZG021113 · first_building Barracks |
| 8:39 | Hartsn · wall_segment Palisade Wall x1 |
| 9:05 | Hartsn · wall_segment Palisade Wall x1 |
| 9:16 | Hartsn · wall_segment Palisade Wall x1 |
| 9:20 | AZG021113 · age_up feudal |
| 9:36 | Hartsn · wall_segment Palisade Wall x1 |
| 10:05 | AZG021113 · first_building Archery Range |
| 10:08 | Hartsn · age_up feudal |
| 10:39 | AZG021113 · wall_segment Palisade Wall x1 |
| 10:41 | AZG021113 · wall_segment Palisade Wall x1 |
| 10:41 | AZG021113 · wall_segment Palisade Wall x1 |
| 10:48 | AZG021113 · wall_segment Stone Wall x1 |
| 10:49 | AZG021113 · wall_segment Stone Wall x1 |
| 10:50 | AZG021113 · wall_segment Stone Wall x1 |
| 10:50 | AZG021113 · wall_segment Stone Wall x1 |
| 11:09 | AZG021113 · wall_segment Stone Wall x1 |
| 11:53 | AZG021113 · wall_segment Palisade Wall x1 |
| 13:11 | AZG021113 · wall_segment Stone Wall x1 |
| 13:13 | AZG021113 · wall_segment Stone Wall x1 |
| 14:18 | AZG021113 · wall_segment Stone Wall x1 |
| 14:18 | AZG021113 · wall_segment Stone Wall x1 |
| 14:19 | AZG021113 · wall_segment Stone Wall x1 |
| 14:20 | AZG021113 · wall_segment Stone Wall x1 |
| 14:20 | AZG021113 · wall_segment Stone Wall x1 |
| 14:20 | AZG021113 · wall_segment Stone Wall x2 |
| 14:20 | AZG021113 · wall_segment Stone Wall x1 |
| 14:21 | AZG021113 · wall_segment Stone Wall x1 |
| 14:21 | AZG021113 · wall_segment Stone Wall x2 |
| 14:22 | AZG021113 · wall_segment Stone Wall x1 |
| 14:36 | AZG021113 · wall_segment Palisade Wall x1 |
| 14:37 | AZG021113 · wall_segment Palisade Wall x1 |
| 14:37 | AZG021113 · wall_segment Palisade Wall x1 |
| 14:59 | Hartsn · first_building Archery Range |
| 16:01 | AZG021113 · wall_segment Palisade Wall x1 |
| 16:02 | AZG021113 · wall_segment Palisade Wall x1 |
| 16:04 | AZG021113 · wall_segment Palisade Wall x1 |
| 16:05 | AZG021113 · wall_segment Palisade Wall x1 |
| 16:06 | AZG021113 · wall_segment Palisade Wall x1 |
| 16:39 | AZG021113 · wall_segment Stone Wall x1 |
| 16:41 | AZG021113 · wall_segment Stone Wall x1 |
| 16:43 | AZG021113 · wall_segment Stone Wall x1 |
| 22:47 | Hartsn · wall_segment Palisade Wall x1 |
| 24:50 | Hartsn · wall_segment Stone Wall x9 |
| 24:54 | Hartsn · wall_segment Stone Wall x5 |
| 25:48 | Hartsn · wall_segment Stone Wall x5 |
| 26:38 | Hartsn · age_up castle |
| 30:04 | AZG021113 · wall_segment Stone Wall x1 |
| 30:04 | AZG021113 · wall_segment Stone Wall x1 |
| 30:05 | AZG021113 · wall_segment Stone Wall x2 |
| 30:05 | AZG021113 · wall_segment Stone Wall x1 |
| 30:06 | AZG021113 · wall_segment Stone Wall x2 |
| 30:06 | AZG021113 · wall_segment Stone Wall x1 |
| 30:06 | AZG021113 · wall_segment Stone Wall x1 |
| 30:06 | AZG021113 · wall_segment Stone Wall x2 |
| 30:07 | AZG021113 · wall_segment Stone Wall x1 |
| 30:07 | AZG021113 · wall_segment Stone Wall x1 |
| 30:07 | AZG021113 · wall_segment Stone Wall x1 |
| 30:08 | AZG021113 · wall_segment Stone Wall x1 |
| 30:09 | AZG021113 · wall_segment Stone Wall x1 |
| 30:09 | AZG021113 · wall_segment Stone Wall x1 |
| 30:09 | AZG021113 · wall_segment Stone Wall x1 |
| 30:26 | AZG021113 · age_up castle |
| 30:52 | Hartsn · wall_segment Stone Wall x4 |
| 31:39 | AZG021113 · first_market_buy 100 stone |
| 32:57 | Hartsn · wall_segment Stone Wall x1 |
| 33:02 | AZG021113 · first_market_sell 100 food |
| 33:49 | AZG021113 · first_building Monastery |
| 34:37 | Hartsn · resign |
[ AI ANALYSIS · 1 CREDIT ]
What really happened in this match?
Wolo.gg analyzes every decision: build order, eco, micro, common mistakes by bracket. Personalized analysis on WhatsApp or Discord in 30 seconds.
Civ guide
Malians
Perfil
Jugador #2094889